 Dungeon Crawl Stone Soup version 0.23-a0-413-g57a8110 (webtiles) character file.

130 Geeful the Grave Robber (level 4, -1/24 HPs)
             Began as a Deep Elf Necromancer on Nov 8, 2018.
             Hit by a tomahawk thrown by an orc (6 damage)
             ... on level 3 of the Dungeon.
             The game lasted 00:13:35 (2984 turns).

Geeful the Grave Robber (Deep Elf Necromancer)      Turns: 2984, Time: 00:13:36

Health: -1/24      AC:  3    Str:  7    XL:     4   Next: 89%
Magic:  3/13       EV: 13    Int: 23    God:
Gold:   55         SH:  0    Dex: 15    Spells: 1/13 levels left

rFire    . . .     SeeInvis .   i - +1 dagger
rCold    . . .     Gourm    .   (no shield)
rNeg     . . .     Faith    .   a - +1 robe
rPois    .         Spirit   .   (no helmet)
rElec    .         Reflect  .   (no cloak)
rCorr    .         Harm     .   (no gloves)
MR       .....                  (no boots)
Stlth    ++........             (no amulet)
HPRegen  0.08/turn              b - +2 ring of intelligence
MPRegen  0.13/turn              o - +2 ring of strength

@: no status effects
A: no striking features
a: no special abilities


You were on level 3 of the Dungeon.
You were not hungry.

You visited 1 branch of the dungeon, and saw 3 of its levels.

You collected 55 gold pieces.

Inventory:

Hand Weapons
 i - a +1 dagger (weapon)
Missiles
 d - 81 stones (quivered)
 k - 20 arrows
Armour
 a - a +1 robe (worn)
 m - a +2 shield
Jewellery
 b - a +2 ring of intelligence (left hand)
 o - a +2 ring of strength (right hand)
Scrolls
 l - a scroll of remove curse
Potions
 e - a potion of heal wounds {unknown}
 f - a potion of berserk rage {unknown}
 g - a potion of curing {unknown}
 h - a potion of mutation {unknown}
Comestibles
 c - 5 rations
 j - 6 chunks of flesh


   Skills:
 - Level 2.4 Dodging
 - Level 2.4 Stealth
 + Level 5.3 Spellcasting
 + Level 6.3 Necromancy


You had one spell level left.
You knew the following spells:

 Your Spells              Type           Power        Failure   Level  Hunger
a - Pain                  Necr           ####         1%          1    None
b - Animate Skeleton      Necr           N/A          1%          1    None
c - Vampiric Draining     Necr           #####.....   1%          3    ##.....
d - Regeneration          Chrm/Necr      ###.......   8%          3    ##.....
e - Animate Dead          Necr           N/A          7%          4    ####...

Your spell library contained the following spells:

 Spells                   Type           Power        Failure   Level  Hunger


Dungeon Overview and Level Annotations

Branches:
Dungeon (3/15)

Altars:
Dithmenos


Message History

Aim: an orc Attack!
The orc throws a tomahawk.
The tomahawk hits your orc skeleton.
An orc comes into view. It is wielding a +0 hand axe.
The orc throws a tomahawk.
The tomahawk hits your orc skeleton.
Your orc skeleton closely misses the orc.
You see here a +0 short sword.
Casting: Animate Skeleton (safe; 1% risk of failure)
Confirm with . or Enter, or press ? or * to list all spells.
You can't see any susceptible monsters within range! (Use Z to cast anyway.)
The orc hits your orc skeleton.
Your orc skeleton is destroyed!
Your leopard gecko skeleton misses the orc.
You see here a +0 club.
Casting: Animate Skeleton (safe; 1% risk of failure)
Confirm with . or Enter, or press ? or * to list all spells.
Aiming: Pain (safe; 1% risk of failure)
Press: ? - help, Shift-Dir - straight line, f/p - orc
Aim: an orc (chance to defeat MR: 93%)
The orc writhes in agony!
The orc throws a tomahawk.
The tomahawk hits you.
You die...

####### .......
..!.... .......
#....#####
#....)@<.#
#...(.##.......
#.Z)#...#......
##o...#...#####
#o#........#
#.#... ..#.# #
##....##.# ##..
# . ...


You could see an orc and a friendly leopard gecko skeleton.

Vanquished Creatures
  4 gnolls (D:2)
  2 adders (D:2)
  An ooze (D:1)
  A worm (D:2)
  2 dart slugs (D:1)
  2 leopard geckos
  3 orcs (D:3)
  A giant cockroach (D:2)
  6 goblins
  7 hobgoblins
  10 jackals
  6 kobolds
  A ball python (D:1)
  4 bats
  3 frilled lizards
  3 rats (D:1)
56 creatures vanquished.

Vanquished Creatures (collateral kills)
  A goblin (D:1)
1 creature vanquished.

Grand Total: 57 creatures vanquished

Notes
Turn   | Place    | Note
-------+----------+-------------------------------------------
     0 | D:1      | Geeful the Deep Elf Necromancer began the quest for the
                  | Orb.
     0 | D:1      | Reached XP level 1. HP: 10/10 MP: 6/6
   149 | D:1      | Reached skill level 5 in Necromancy
   291 | D:1      | Reached XP level 2. HP: 10/15 MP: 1/8
   410 | D:1      | Learned a level 1 spell: Animate Skeleton
  1174 | D:1      | Reached XP level 3. HP: 15/19 MP: 5/10
  2214 | D:2      | Reached XP level 4. HP: 18/24 MP: 5/12
  2332 | D:2      | Learned a level 3 spell: Vampiric Draining
  2336 | D:2      | Learned a level 3 spell: Regeneration
  2341 | D:2      | Learned a level 4 spell: Animate Dead
  2431 | D:2      | Reached skill level 6 in Necromancy
  2483 | D:2      | Reached skill level 5 in Spellcasting
  2685 | D:2      | Found a shadowy altar of Dithmenos.
  2984 | D:3      | Hit by a tomahawk thrown by an orc

Vault maps used:
D:1:      lightli_arrival_quake
D:2:      nicolae_dithmenos_through_a_glass_darkly, first_ration
D:3:      gammafunk_temple_overflow_arena, st_stairs_1

Skill      XL: |  1  2  3  4 |
---------------+-------------+-----
Necromancy     | 5 6 |  6.3
Spellcasting   | 4 5 |  5.3
Dodging        | |  2.4
Stealth        | |  2.4

Action                   |  1- 3 |  4- 6 || total
-------------------------+-------+-------++-------
Melee: Dagger            |       |    27 ||    27
Throw: Stone             |    12 |       ||    12
 Cast: Pain              |    72 |    26 ||    98
       Animate Skeleton  |     9 |     3 ||    12
       Vampiric Draining |       |     4 ||     4
       Regeneration      |       |     1 ||     1
  Use: Scroll            |     2 |     2 ||     4
 Stab: Sleeping          |       |     1 ||     1
  Eat: Chunk             |     4 |     2 ||     6
Armor: Robe              |     1 |     7 ||     8
Dodge: Dodged            |     7 |    14 ||    21

Table legend:
 A = Non-vault XP
 B = Vault XP
 C = Vault XP percentage of total XP
 D = Non-vault monster count
 E = Vault monster count
 F = Vault count percentage of total count
                 A         B        C        D         E       F
            +---------+---------+-------+---------+---------+-------
      Total |     186 |       0 |   0.0 |      57 |       0 |   0.0
            +---------+---------+-------+---------+---------+-------
        D:1 |      65 |       0 |   0.0 |      31 |       0 |   0.0
        D:2 |     109 |       0 |   0.0 |      22 |       0 |   0.0
        D:3 |      12 |       0 |   0.0 |       4 |       0 |   0.0
            +---------+---------+-------+---------+---------+-------
